 Dungeon Crawl Stone Soup version 0.22-a0-284-g99d1f74 (webtiles) character file.

455 matakusis the Caller (level 6, -2/32 HPs)
             Began as a Deep Elf Summoner on Mar 20, 2018.
             Killed from afar by an orc wizard (11 damage)
             ... with a magic dart
             ... on level 6 of the Dungeon.
             The game lasted 00:25:00 (4326 turns).

matakusis the Caller (Deep Elf Summoner)            Turns: 4326, Time: 00:25:00

Health: -2/32      AC:  2    Str:  5    XL:     6   Next: 76%
Magic:  8/16       EV: 13    Int: 22    God:
Gold:   307        SH:  0    Dex: 15    Spells: 5/16 levels left

rFire    + . .     SeeInvis .   g - +2 dagger (flame)
rCold    . . .     Gourm    .   (no shield)
rNeg     . . .     Faith    .   a - +0 robe
rPois    .         Spirit   .   (no helmet)
rElec    .         Reflect  .   (no cloak)
rCorr    .         Harm     .   (no gloves)
MR       .....                  (no boots)
Stlth    ++........             (no amulet)
HPRegen  0.10/turn              r - ring of protection from fire
MPRegen  0.15/turn              (no ring)

@: no status effects
A: no striking features
a: no special abilities


You were on level 6 of the Dungeon.
You were not hungry.

You visited 1 branch of the dungeon, and saw 6 of its levels.
You also visited: Sewer.

You collected 307 gold pieces.

Inventory:

Hand Weapons
 g - a +2 dagger of flaming (weapon)
Missiles
 f - 77 arrows
Armour
 a - a +0 robe (worn)
Jewellery
 r - a ring of protection from fire (left hand)
Wands
 n - a wand of polymorph (9)
Scrolls
 e - 3 scrolls of identify
 h - 3 scrolls of remove curse
 j - 2 scrolls of blinking
 l - a scroll of magic mapping
 m - 4 scrolls of teleportation
 p - a scroll of fear
Potions
 b - 3 potions of might
 d - 5 potions of haste
 i - a potion of brilliance
 k - 2 potions of magic
 o - a potion of heal wounds
Comestibles
 c - 6 rations
 s - 6 chunks of flesh


   Skills:
 - Level 2.4 Dodging
 - Level 2.4 Stealth
 + Level 5.7 Spellcasting
 * Level 7.4 Summonings
 * Level 2.0 Ice Magic
 + Level 1.0 Air Magic


You had 5 spell levels left.
You knew the following spells:

 Your Spells              Type           Power        Failure   Level  Hunger
a - Summon Small Mammal   Summ           ####         1%          1    None
b - Call Imp              Summ           #####...     1%          2    None
c - Summon Ice Beast      Ice/Summ       ####....     13%         4    ####...
d - Summon Lightning Spi  Summ/Air       ###.....     16%         4    ####...


Dungeon Overview and Level Annotations

Branches:
Dungeon (6/15)
 Temple: D:4-7

Altars:
Cheibriados
Nemelex Xobeh
Xom
Zin

Annotations:
D:5 Edmund


Message History

Your magical contamination has completely faded away.
You see here a leather armour.
You swap places.
Your white imp barely misses something.
Something barely misses your white imp.
Your white imp barely misses you.
Something hits your white imp.
You miss something. Something hits you.
You barely miss something. Something hits you.
You hit something. You burn something. Something hits you but does no damage.
You hit something but do no damage.
You hear some strange, mumbled words.
A magic dart appears from out of thin air!
The magic dart hits you!
You miss something.
Your white imp hits you.
Your white imp freezes you.
Something hits you.
* * * LOW HITPOINT WARNING * * *
You miss something.
You hear some strange, mumbled words.
A magic dart appears from out of thin air!
The magic dart hits you!
You die...

#...# ##...##
.....# ####
#....+ #...##$...
#.....>.)# ##
#........##.#
#.......5...##
##+###...@...##
#...##.5.{....#
#...##...##..##
#...##...# .##
#....<...##+#
#...##...##.#
#...##......#
#....'......##
#ยงยง.##...##..##


You could see a friendly iron imp and a friendly white imp (confused).

Vanquished Creatures
  Terence (D:3)
  Natasha (D:4)
  A worm (D:3)
  An orc (D:6)
  A ball python (D:3)
  A goblin (D:3)
  3 rats
9 creatures vanquished.

Vanquished Creatures (collateral kills)
  The ghost of anet the Caller, an amateur GnWn (D:4)
  Sigmund (D:4)
  2 orc wizards
  3 orc priests
  Natasha (twice) (D:4)
  2 worker ants
  4 adders
  A river rat (Sewer)
  An ooze (Sewer)
  An adder skeleton (D:4)
  7 worms
  2 dart slugs (D:1)
  5 leopard geckos
  7 orcs
  A giant cockroach (D:1)
  11 goblins
  14 hobgoblins
  5 jackals
  A quokka (D:2)
  5 ball pythons
  6 bats
  3 frilled lizards
  14 kobolds
  12 rats
111 creatures vanquished.

Grand Total: 120 creatures vanquished

Notes
Turn   | Place    | Note
-------+----------+-------------------------------------------
     0 | D:1      | matakusis the Deep Elf Summoner began the quest for the Orb.
     0 | D:1      | Reached XP level 1. HP: 10/10 MP: 6/6
   359 | D:1      | Reached XP level 2. HP: 15/15 MP: 4/8
   363 | D:1      | Learned a level 2 spell: Call Imp
   894 | D:2      | Reached skill level 5 in Summonings
   994 | D:2      | Reached XP level 3. HP: 19/19 MP: 3/10
  1159 | D:2      | Found a snail-covered altar of Cheibriados.
  1260 | D:2      | Found a sparkling altar of Nemelex Xobeh.
  1492 | D:2      | Found a faded altar of an unknown god.
  1861 | D:3      | Noticed Terence
  1866 | D:3      | Reached XP level 4. HP: 20/24 MP: 4/12
  1889 | D:3      | Killed Terence
  1973 | D:3      | Found a glowing drain.
  2010 | Sewer    | Entered a sewer
  2141 | Sewer    | Reached skill level 6 in Summonings
  2239 | Sewer    | Learned a level 4 spell: Summon Ice Beast
  2244 | Sewer    | Learned a level 4 spell: Summon Lightning Spire
  2429 | D:3      | Found a shimmering altar of Xom.
  2610 | D:3      | Reached XP level 5. HP: 28/28 MP: 3/14
  3067 | D:4      | Noticed Natasha
  3071 | D:4      | Reached skill level 1 in Ice Magic
  3081 | D:4      | Killed Natasha
  3081 | D:4      | Reached skill level 5 in Spellcasting
  3295 | D:4      | Noticed anet's ghost (amateur GnWn)
  3297 | D:4      | Noticed Sigmund
  3350 | D:4      | Killed anet's ghost
  3350 | D:4      | Reached skill level 7 in Summonings
  3350 | D:4      | Reached XP level 6. HP: 32/32 MP: 1/16
  3350 | D:4      | Killed Sigmund
  3805 | D:4      | Found a glowing silver altar of Zin.
  4009 | D:4      | Noticed Natasha
  4022 | D:4      | Killed Natasha
  4029 | D:4      | Noticed Natasha
  4031 | D:4      | Killed Natasha
  4105 | D:5      | Entered Level 5 of the Dungeon
  4115 | D:5      | Noticed Edmund
  4164 | D:6      | Reached skill level 1 in Air Magic
  4326 | D:6      | Killed from afar by an orc wizard

Vault maps used:
D:1:      dpeg_arrival_tiny_d
D:2:      nicolae_overflow_crystal_walls, cheibriados_altar_1,
          chequers_ecumenical_altar_simple, minmay_tromino_mix6
D:3:      overflow_temple_1_default, cheibrodos_sewer_entry_sluice,
          first_ration, nrook_mini_vaults, uniq_terence
D:4:      zin_statuary, serial_glass, glass_columns_a, glass_columns_c,
          uniq_sigmund, uniq_natasha
D:5:      serial_shops, shop, uniq_pikel, uniq_edmund, uniq_crazy_yiuf_cottage
D:6:      kennysheep_six_static_rooms, gammafunk_temple_overflow_wave
Sewer:    sewer_co_15_rooms

Skill      XL: |  1  2  3  4  5  6 |
---------------+-------------------+-----
Summonings     | 5 6 7 |  7.4
Spellcasting   | 4 5 |  5.7
Ice Magic      | 1 2 |  2.0
Air Magic      | 1 |  1.0
Dodging        | |  2.4
Stealth        | |  2.4

Action                   |  1- 3 |  4- 6 || total
-------------------------+-------+-------++-------
Melee: Unarmed           |     1 |       ||     1
       Dagger            |     1 |    49 ||    50
 Cast: Summon Small Mamm |    44 |       ||    44
       Call Imp          |    42 |    51 ||    93
       Summon Lightning  |       |    10 ||    10
       Summon Ice Beast  |       |     5 ||     5
  Use: Scroll            |     6 |     5 ||    11
       Potion            |     5 |     7 ||    12
 Stab: Sleeping          |       |     1 ||     1
  Eat: Chunk             |     4 |    11 ||    15
Armor: Robe              |     6 |     7 ||    13
Dodge: Dodged            |    17 |    47 ||    64

Table legend:
 A = Spawn XP
 B = Non-spawn XP
 C = Spawn XP percentage of total XP
 D = Spawn monster count
 E = Non-spawn monster count
 F = Spawn count percentage of total count
 G = Total turns spent on level
                    A         B        C        D         E        F      G
               +---------+---------+-------+---------+---------+-------+---------
         Total |       0 |     651 |   0.0 |       0 |     120 |   0.0 |  4326
               +---------+---------+-------+---------+---------+-------+---------
           D:1 |       0 |      22 |   0.0 |       0 |      20 |   0.0 |   869
           D:2 |       0 |      65 |   0.0 |       0 |      36 |   0.0 |   961
           D:3 |       0 |      93 |   0.0 |       0 |      27 |   0.0 |   617
           D:4 |       0 |     384 |   0.0 |       0 |      13 |   0.0 |  1289
           D:6 |       0 |      46 |   0.0 |       0 |       4 |   0.0 |   202
         Sewer |       0 |      41 |   0.0 |       0 |      20 |   0.0 |   369
               +---------+---------+-------+---------+---------+-------+---------
